 Dungeon Crawl Stone Soup version 0.20.1-1-g8b1a95d (webtiles) character file.

352 slep the Slasher (level 6, 0/43 HPs)
             Began as a Demonspawn Abyssal Knight on Oct 26, 2017.
             Was a Priest of Lugonu.
             Slain by slep's ghost (6 damage)
             ... on level 4 of the Dungeon.
             The game lasted 00:23:20 (3965 turns).

slep the Slasher (Demonspawn Abyssal Knight)        Turns: 3965, Time: 00:23:21

Health: 0/43       AC: 12    Str: 16    XL:     6   Next: 35%
Magic:  7/7        EV: 12    Int: 13    God:    Lugonu [***...]
Gold:   144        SH:  0    Dex: 14    Spells: 5/5 levels left

rFire    . . .     SeeInvis .   a - +1 falchion
rCold    . . .     Gourm    .   (no shield)
rNeg     . . .     Faith    .   b - +0 leather armour
rPois    .         Spirit   .   (helmet restricted)
rElec    .         Reflect  .   (no cloak)
rCorr    .         Harm     .   o - +1 pair of gloves {Str+3}
MR       .....     Rnd*Tele +   d - +0 pair of boots
Stlth    +.........             (no amulet)
Regen    0.2/turn               j - ring of teleportation (curse)
MPRegen  0.1/turn               (no ring)

@: sanguine armour
A: antennae 1, frail 1, sense surroundings 1, evolution 1, sanguine armour 1
a: Depart the Abyss, Bend Space, Banish, Renounce Religion


You were on level 4 of the Dungeon.
You worshipped Lugonu.
Lugonu was most pleased with you.
You were hungry.

You visited 1 branch of the dungeon, and saw 4 of its levels.
You visited the Abyss 1 time.
You also visited: Sewer.

You collected 144 gold pieces.

Inventory:

Hand Weapons
 a - a +1 falchion (weapon)
 u - a +1 short sword of venom
Armour
 b - a +0 leather armour (worn)
 d - a +0 pair of boots (worn)
 o - a +1 pair of gloves of strength (worn)
 B - a +2 robe of magic resistance
Jewellery
 j - a cursed ring of teleportation (left hand)
 C - an uncursed amulet of faith {unknown}
Scrolls
 h - a scroll of silence {unknown}
 k - a scroll of blinking {unknown}
 m - 2 scrolls of fog {unknown}
 n - 6 scrolls of remove curse {unknown}
 p - 2 scrolls of immolation {unknown}
 s - a scroll of fear {unknown}
 v - a scroll of identify {unknown}
 x - a scroll of teleportation {unknown}
 y - a scroll of enchant armour {unknown}
Potions
 e - 3 potions of curing
 g - 2 potions of flight {unknown}
 q - 2 potions of agility {unknown}
 t - a potion of brilliance {unknown}
 w - a potion of heal wounds
 z - a potion of might
Books
 i - a book of Conjurations

   Spells                             Type                      Level
   a - Magic Dart                     Conjuration                  1
   b - Searing Ray                    Conjuration                  2
   c - Dazzling Spray                 Conjuration/Hexes            3
   d - Fulminant Prism                Conjuration/Hexes            4
   e - Force Lance                    Conjuration/Translocation    4
   f - Iskenderun's Mystic Blast      Conjuration                  4
Comestibles
 c - 4 bread rations
 f - 4 royal jellies
 l - 2 meat rations
 r - 3 fruits
 A - 7 chunks of flesh


   Skills:
 + Level 4.2 Fighting
 + Level 4.3 Long Blades
 + Level 2.6 Armour
 + Level 2.2 Dodging
 + Level 1.0 Stealth
 + Level 2.5 Invocations


You had 5 spell levels left.
You didn't know any spells.

Dungeon Overview and Level Annotations

Branches:
Dungeon (4/15)
 Temple: D:4-7

Altars:
Ashenzari
Cheibriados
Gozag
Kikubaaqudgha
Ru
Xom
Yredelemnul
The Shining One

Annotations:
D:4 slep's ghost, amateur DsAK


Innate Abilities, Weirdness & Mutations

You have a pair of small antennae on your head.
When seriously injured, your bleeding wounds create armour. (AC +6)
You are frail. (-10% HP)
You passively map a small area around you.
You evolve.


Message History

Slep's ghost hits you but does no damage.
You hit slep's ghost.
Slep's ghost is severely damaged.
Slep's ghost barely misses you.
You hit slep's ghost.
Slep's ghost is severely damaged.
Slep's ghost says regretfully, "I wish I had corrupted all of this!"
Slep's ghost hits you.
* * * LOW HITPOINT WARNING * * *
You hit slep's ghost.
Slep's ghost is severely damaged.
Slep's ghost hits you.
* * * LOW HITPOINT WARNING * * *
You hit slep's ghost but do no damage.
Slep's ghost is severely damaged.
Slep's ghost hits you but does no damage.
You barely miss slep's ghost.
Slep's ghost is severely damaged.
Slep's ghost hits you.
You die...

, , , , ..........#
* ..........# *** *
.......>..#
..........#..#
..........#.. * * *
..........#..,,, , ,
..........#.# *
......W@).#.# ,
.####.##)##.#####.,*
.......)......... ,
######..#.###### *
#>...### , ,
##....(### ,*
......#.<..# ,
*####..##...# *,,
#######..# *


You could see slep's ghost.

Vanquished Creatures
  An orc priest (D:3)
  2 orc wizards
  A worker ant (D:4)
  5 adders
  3 gnolls (D:3)
  6 river rats (Sewer)
  An ooze (D:2)
  4 worms
  3 dart slugs
  3 leopard geckos
  9 orcs
  3 ball pythons (Sewer)
  3 giant cockroaches
  3 goblins
  2 hobgoblins (D:1)
  3 jackals
  23 kobolds
  A quokka (D:3)
  7 bats
  4 frilled lizards
  A quokka skeleton (D:4)
  26 rats
  A spectral orc (D:3)
115 creatures vanquished.

Notes
Turn   | Place    | Note
-------+----------+-------------------------------------------
     0 | Abyss:1  | slep the Demonspawn Abyssal Knight began the quest for the Orb.
     0 | Abyss:1  | Reached XP level 1. HP: 18/18 MP: 2/2
    66 | Abyss:1  | Found a corrupted altar of Lugonu.
   127 | Abyss:1  | Noticed a freezing wraith
   183 | Abyss:2  | Found a blossoming altar of Fedhas.
   188 | Abyss:2  | Noticed a large abomination
   190 | D:1      | Escaped the Abyss
   202 | D:1      | Noticed a black bear
   202 | D:1      | Noticed a killer bee
   202 | D:1      | Noticed a hog
   202 | D:1      | Noticed a water moccasin
   202 | D:1      | Noticed a swamp worm
   332 | D:1      | Gained mutation: You have a pair of small antennae on your head. [demonic ancestry]
   332 | D:1      | Reached XP level 2. HP: 14/24 MP: 3/3
   475 | D:1      | Reached skill level 1 in Dodging
   554 | D:1      | Reached * piety under Lugonu
  1107 | D:2      | Found a shattered altar of Ashenzari.
  1110 | D:2      | Found a glowing golden altar of the Shining One.
  1207 | D:2      | Reached XP level 3. HP: 24/29 MP: 4/4
  1658 | D:2      | Found an ancient bone altar of Kikubaaqudgha.
  1660 | D:2      | Found an opulent altar of Gozag.
  1695 | D:2      | Found a shimmering altar of Xom.
  1945 | D:3      | Found a snail-covered altar of Cheibriados.
  1972 | D:3      | Found a basalt altar of Yredelemnul.
  2011 | D:3      | Found a sacrificial altar of Ru.
  2086 | D:3      | Found a glowing drain.
  2124 | Sewer    | Entered a sewer
  2215 | Sewer    | Reached ** piety under Lugonu
  2219 | Sewer    | Gained mutation: When seriously injured, your bleeding wounds create armour. (AC +6) [demonic ancestry]
  2219 | Sewer    | Reached XP level 4. HP: 28/36 MP: 5/5
  2343 | Sewer    | Reached skill level 1 in Stealth
  2354 | Sewer    | Gained mutation: You are frail. (-10% HP) [potion of mutation]
  2354 | Sewer    | Gained mutation: You evolve. [potion of mutation]
  2354 | Sewer    | Gained mutation: You passively map a small area around you. [potion of mutation]
  2382 | Sewer    | Reached XP level 5. HP: 20/37 MP: 6/6
  2684 | Sewer    | Reached *** piety under Lugonu
  3205 | D:3      | Reached XP level 6. HP: 24/43 MP: 7/7
  3760 | D:4      | HP: 2/43 [worm (6)]
  3944 | D:4      | Noticed slep's ghost (amateur DsAK)
  3965 | D:4      | Slain by slep's ghost

Skill      XL: |  1  2  3  4  5 |
---------------+----------------+-----
Dodging        | 1 2 |  2.2
Armour         | 2 |  2.6
Long Blades    | 2 3 4 |  4.3
Stealth        | 1 |  1.0
Fighting       | 4 |  4.2
Invocations    | |  2.5

Action                   |  1- 3 |  4- 6 || total
-------------------------+-------+-------++-------
Melee: Falchion          |   135 |   225 ||   360
Invok: Depart the Abyss  |     1 |       ||     1
  Use: Potion            |       |     7 ||     7
 Stab: Sleeping          |     2 |       ||     2
  Eat: Chunk             |     4 |     6 ||    10
Armor: Leather armour    |    49 |    97 ||   146
Dodge: Dodged            |    88 |   145 ||   233
       Rpst.: Falchion   |    27 |    37 ||    64
